 Dungeon Crawl Stone Soup version 0.31.0-7-gf635a9b802 (webtiles) character file.

Game seed: 14192743227190746219

123 Curundu the Chopper (level 4, -5/40 HPs)
             Began as a Draconian Berserker on Jan 22, 2024.
             Was a Believer of Trog.
             Killed by divine providence
             ... invoked by an orc priest
              (11 damage)
             ... on level 4 of the Dungeon on Jan 23, 2024.
             The game lasted 00:10:34 (2377 turns).

Curundu the Chopper (Draconian Berserker)           Turns: 2377, Time: 00:10:41

Health: -5/40      AC:  5    Str: 22    XL:     4   Next: 80%
Magic:  4/4        EV: 12    Int:  7    God:    Trog [**....]
Gold:   139        SH:  0    Dex: 10    Spells: 3/3 levels left

rFire   . . .        a - +1 hand axe
rCold   . . .        (no shield)
rNeg    . . .        (body armour unavailable)
rPois   .            (helmet restricted)
rElec   .            (no cloak)
rCorr   .            (no gloves)
SInv    .            (no boots)
Will    ++...        (no amulet)
Stlth   +            (no ring)
HPRegen 1.26/turn    (no ring)
MPRegen 0.09/turn

%: no passive effects
@: strong-willed (expiring), regenerating (expiring)
A: AC +5, unfitting armour, cold-blooded
a: Renounce Religion, Berserk, Trog's Hand


You were on level 4 of the Dungeon.
You worshipped Trog.
Trog was pleased with you.
You visited 1 branch of the dungeon, and saw 4 of its levels.

You collected 139 gold pieces.

Inventory:

Hand Weapons
 a - a +1 hand axe (weapon)
Missiles
 d - a boomerang
 g - a throwing net (quivered)
Scrolls
 b - a scroll of fog
Potions
 e - 2 potions of curing
 f - a potion of lignification
 h - a potion of enlightenment
 i - a potion of degeneration
 j - a potion of attraction {unknown}
 k - a potion of haste {unknown}
 l - a potion of might {unknown}


   Skills:
 + Level 4.1 Fighting
 + Level 4.4 Axes
 + Level 3.4 Dodging
 + Level 0.2 Stealth


You had 3 spell levels left.
You didn't know any spells.
Your spell library was empty.

Dungeon Overview and Level Annotations

Branches:
Dungeon (4/15)
 Temple: D:4-7

Altars:


Innate Abilities, Weirdness & Mutations

Your plain brown scales are hard. (AC +5)
You cannot fit into any form of body armour.
You are cold-blooded and may be slowed by cold attacks.


Message History

An orc comes into view. It is wielding a +0 whip.
The orc shouts!
You barely miss the orc.
Your tail-slap misses the orc.
The orc closely misses you.
You hit the orc. You tail-slap the orc.
You kill the orc!
Trog accepts your kill.
Things that are here:
a +0 whip; an orc corpse An orc priest comes into view.
It is wielding a +0 dagger.
Your skin crawls.
You feel strong-willed.
An orc priest comes into view. It is wielding a +0 falchion.
The orc priest shouts!
You hit the orc priest.
The orc priest is moderately wounded.
The orc priest hits you with a +0 dagger.
You barely miss the orc priest.
The orc priest is moderately wounded.
An orc comes into view. It is wielding a +0 club.
The orc priest mumbles some strange prayers to Beogh against you.
Beogh smites you!
An orc comes into view. It is wielding a +0 club.
The orc priest hits you with a +0 dagger.
The orc priest mumbles some strange prayers to Beogh against you.
Beogh smites you!
The orc priest hits you with a +0 dagger.
The orc shouts!
You hit the orc priest.
The orc priest is heavily wounded.
You feel the effects of Trog's Hand fading.
The orc priest completely misses you.
You hit the orc priest but do no damage.
The orc priest is heavily wounded.
The orc priest mumbles some strange prayers to Beogh against you.
Beogh smites you!
* * * LOW HITPOINT WARNING * * *
The orc priest calls down the wrath of Beogh upon you.
Beogh smites you!
You die...

.. #.#...# ..# .....#
.... .....#
...o##.... .......o.#
................##
.................#
#.#...#.#...####.###
..#............o@..#
............####.###
......#.....# #.####
......#.....####....#
....................#
..>....)#...#.##.##.#
............#.##.# .#
...#....#........# #
...#..#.#.........


You could see 2 orc priests and an orc.

Vanquished Creatures
  Terence (D:3)
  2 adders (D:3)
  4 dart slugs
  3 ribbon worms (D:2)
  2 orcs
  5 bats
  8 endoplasms
  3 giant cockroaches
  7 goblins
  5 hobgoblins
  4 quokkas
  6 ball pythons
  3 frilled lizards
  4 kobolds
  3 rats
60 creatures vanquished.

Notes
Turn   | Place    | Note
-------+----------+-------------------------------------------
     0 | D:1      | Curundu the Draconian Berserker began the quest for the
                  | Orb.
     0 | D:1      | Reached XP level 1. HP: 19/19 MP: 1/1
    66 | D:1      | Found a faded altar of an unknown god.
    82 | D:1      | Reached XP level 2. HP: 23/26 MP: 2/2
   131 | D:1      | Upgraded the game from 0.31.0-4-g52a2dc7128 to
                  | 0.31.0-7-gf635a9b802
   262 | D:1      | Reached ** piety under Trog
   304 | D:1      | Reached XP level 3. HP: 33/33 MP: 3/3
  1528 | D:3      | Reached XP level 4. HP: 33/40 MP: 4/4
  1767 | D:3      | Noticed Terence
  1773 | D:3      | Killed Terence
  2377 | D:4      | Killed from afar by an orc priest

Illustrated notes

Levels and vault maps discovered:
D:1:      wander_arrival_desolate, layout_basic,
          shapermc_ecumenical_altar_rom_forum
D:2:      layout_basic
D:3:      layout_basic, serial_curves, eino_curves_02, eino_curves_02,
          uniq_terence
D:4:      layout_basic, mainiacjoe_overflow_surrounded_room,
          kiku_gazebo_garden_becter, nicolae_grassy_gnolls

Skill      XL: |  1  2  3 |
---------------+----------+-----
Dodging        | 3 |  3.4
Fighting       | 4 |  4.1
Axes           | 4 |  4.4
Stealth        | |  0.2

Action                     |  1- 3 |  4- 6 || total
---------------------------+-------+-------++-------
  Melee: Hand axe          |   126 |    43 ||   169
         Tailslap          |    18 |     4 ||    22
         Punch             |     2 |       ||     2
 Invoke: Trog's Hand       |       |     2 ||     2
         Berserk           |       |     1 ||     1
    Use: Scroll            |     6 |     3 ||     9
 Armour: Skin              |    95 |    33 ||   128
  Dodge: Dodged            |    96 |    26 ||   122
